 Dungeon Crawl Stone Soup version 0.19.0-23-gf02e663 (webtiles) character file.

246 Nimsei the Slasher (level 5, -5/36 HPs)
             Began as a Demonspawn Gladiator on Nov 20, 2016.
             Was a Believer of Hepliaklqana.
             Slain by Musica's ghost (8 damage)
             ... on level 4 of the Dungeon.
             The game lasted 00:14:04 (1873 turns).

Nimsei the Slasher (Demonspawn Gladiator)           Turns: 1873, Time: 00:14:05

Health: -5/36      AC: 11    Str: 16    XL:     5   Next: 84%
Magic:  5/5        EV: 12    Int:  9    God:    Hepliaklqana [**....]
Gold:   168        SH:  3    Dex: 14    Spells: 0 memorised, 4 levels left

rFire  . . .     SeeInvis .     a - +0 long sword
rCold  . . .     Gourm    .     h - +0 chain mail
rNeg   . . .     Faith    .     j - +0 buckler
rPois  .         Spirit   .     c - +0 helmet
rElec  .         Reflect  .     (no cloak)
rCorr  .         Harm     .     p - +0 pair of gloves
MR     .....                    (no boots)
Stlth  ..........               (no amulet)
                                (no ring)
                                b - +5 ring of evasion

@: no status effects
A: reduced essence, talons 2, rugged brown scales 1
a: Recall Ancestor, Ancestor Identity, Renounce Religion


You were on level 4 of the Dungeon.
You worshipped Hepliaklqana.
Hepliaklqana was pleased with you.
You were not hungry.

You visited 1 branch of the dungeon, and saw 4 of its levels.

You collected 168 gold pieces.

Inventory:

Hand Weapons
 a - a +0 long sword (weapon)
 n - a +0 flail of draining
Missiles
 d - 3 throwing nets (quivered)
Armour
 c - a +0 helmet (worn)
 h - a +0 chain mail (worn)
 j - a +0 buckler (worn)
 p - a +0 pair of gloves (worn)
Jewellery
 b - a +5 ring of evasion (left hand)
Scrolls
 k - a scroll of remove curse
 q - a scroll of amnesia {unknown}
Potions
 g - 2 potions of cure mutation
 i - 3 potions of curing
 l - a potion of magic
 o - a potion of heal wounds
 r - a potion of invisibility {unknown}
Comestibles
 f - 2 bread rations


   Skills:
 + Level 2.4 Fighting
 + Level 4.9 Long Blades
 + Level 2.0 Throwing
 + Level 1.2 Armour
 + Level 3.4 Dodging
 + Level 0.2 Stealth
 + Level 0.6 Shields


You had 4 spell levels left.
You didn't know any spells.

Dungeon Overview and Level Annotations

Branches:
Dungeon (4/15)
 Temple: D:4-7

Altars:
Hepliaklqana

Annotations:
D:4 Musica's ghost, amateur DsGl


Innate Abilities, Weirdness & Mutations

You have razor-sharp toenails.
You are partially covered in rugged brown scales. (AC +1, +3% HP)
Your life essence is reduced. (-10% HP)


Message History

* * * LOW HITPOINT WARNING * * *
You hit Musica's ghost. Your kick misses Musica's ghost.
Musica's ghost is almost destroyed.
You block Musica's ghost's attack.
You hit Musica's ghost.
You claw Musica's ghost, but do no damage.
Musica's ghost is almost destroyed.
Musica's ghost misses you.
You hit Musica's ghost but do no damage.
Musica's ghost is almost destroyed.
Musica's ghost hits you but does no damage. x2
You closely miss Musica's ghost.
Musica's ghost is almost destroyed.
Musica's ghost barely misses you.
You hit Musica's ghost but do no damage.
Your kick misses Musica's ghost.
Musica's ghost is almost destroyed.
Musica's ghost screams, "Death is your only future!"
Musica's ghost hits you!
You die...

#.......# #### #
#####'#†.##
...#....#####
####+#.#.##.....#
#..../...........
#.....###.#.(.#..
#................
#........W#......
#........@#......
###.......# #....
#.......# ....
#.......# ...
#......=# ..
##+######


You could see Musica's ghost.

Vanquished Creatures
  Ijyb (D:2)
  6 gnolls
  An adder (D:3)
  A worm (D:3)
  4 dart slugs
  2 leopard geckos (D:2)
  2 orcs (D:3)
  2 giant cockroaches
  A goblin (D:2)
  2 hobgoblins (D:1)
  7 kobolds
  A quokka (D:2)
  A ball python (D:3)
  2 bats (D:3)
  4 frilled lizards
  A leopard gecko zombie (D:3)
  7 rats
45 creatures vanquished.

Vanquished Creatures (collateral kills)
  A howler monkey (D:4)
  2 worker ants (D:4)
  An adder (D:3)
  A giant cockroach (D:4)
  2 goblins
  A quokka (D:3)
  A frilled lizard (D:2)
  A rat (D:2)
10 creatures vanquished.

Vanquished Creatures (others)
  2 battlemagi
2 creatures vanquished.

Grand Total: 57 creatures vanquished

Notes
Turn   | Place    | Note
-------+----------+-------------------------------------------
     0 | D:1      | Nimsei the Demonspawn Gladiator began the quest for the Orb.
     0 | D:1      | Reached XP level 1. HP: 16/16 MP: 1/1
   132 | D:1      | Reached skill level 3 in Long Blades
   132 | D:1      | Gained mutation: You have sharp toenails. [demonic ancestry]
   132 | D:1      | Reached XP level 2. HP: 17/22 MP: 2/2
   366 | D:2      | Found a faded altar of an unknown god.
   401 | D:2      | Became a worshipper of Hepliaklqana the Forgotten
   401 | D:2      | Reached * piety under Hepliaklqana
   462 | D:2      | Noticed Ijyb
   470 | D:2      | Killed Ijyb
   470 | D:2      | Gained mutation: You have razor-sharp toenails. [demonic ancestry]
   470 | D:2      | Reached XP level 3. HP: 23/24 MP: 3/3
   738 | D:2      | Gained mutation: You are partially covered in rugged brown scales. (AC +1, +3% HP) [demonic ancestry]
   738 | D:2      | Reached XP level 4. HP: 12/30 MP: 4/4
  1477 | D:3      | Reached ** piety under Hepliaklqana
  1478 | D:3      | Remembered your ancestor Perkele as a battlemage
  1582 | D:3      | Reached skill level 4 in Long Blades
  1582 | D:3      | Reached skill level 1 in Armour
  1596 | D:3      | Reached XP level 5. HP: 26/35 MP: 5/5
  1846 | D:4      | Noticed Musica's ghost (amateur DsGl)
  1873 | D:4      | Slain by Musica's ghost

Skill      XL: |  1  2  3  4 |
---------------+-------------+-----
Long Blades    | 3 4 |  4.9
Dodging        | 3 |  3.4
Throwing       | 2 |  2.0
Armour         | 1 |  1.2
Fighting       | |  2.4
Stealth        | |  0.2
Shields        | |  0.6

Action                   |  1- 3 |  4- 6 || total
-------------------------+-------+-------++-------
Melee: Long sword        |    61 |    96 ||   157
       Kick              |    11 |    37 ||    48
Invok: Ancestor Identity |     1 |       ||     1
       Ancestor Life: Ba |       |     1 ||     1
  Use: Scroll            |     1 |     4 ||     5
 Stab: Distracted        |     1 |       ||     1
  Eat: Bread ration      |       |     1 ||     1
       Pizza             |       |     1 ||     1
Armor: Leather armour    |     7 |       ||     7
       Chain mail        |    19 |    45 ||    64
Dodge: Dodged            |    47 |    54 ||   101
Block: Buckler           |     6 |    16 ||    22
       Rpst.: Long sword |    14 |    20 ||    34
